 Dungeon Crawl Stone Soup version 0.27-a0-909-g0721f309d1 (webtiles) character file.

Game seed: 6130784947897752147

13671 Drazool the Grappler (level 11, -5/109 HPs)
             Began as a Troll Monk on Apr 9, 2021.
             Was a High Priest of Wu Jian.
             Slain by a minotaur
             ... wielding the +7 dire flail "Cempocs" {spect, Stlth+}
              (16 damage)
             ... in a Gauntlet.
             The game lasted 00:36:17 (9225 turns).

Drazool the Grappler (Troll Monk)                   Turns: 9225, Time: 00:36:19

Health: -5/109     AC:  9    Str: 23    XL:     11   Next: 78%
Magic:  10/10      EV: 16    Int:  6    God:    Wu Jian [*****.]
Gold:   463        SH:  5    Dex: 19    Spells: 10/10 levels left

rFire    . . .     SeeInvis .     - Unarmed
rCold    . . .     Faith    .   (no shield)
rNeg     + . .     Spirit   .   r - +1 steam dragon scales
rPois    +         Reflect  +   (helmet restricted)
rElec    .         Harm     .   (no cloak)
rCorr    .         Rampage  .   (gloves unavailable)
Will     .....     NoTele   +   (boots unavailable)
Stlth    ++........             q - amulet of reflection
HPRegen  1.28/turn              K - ring of Peih {rN+ Dex+6}
MPRegen  0.12/turn              P - ring of poison resistance

@: studying Dodging
A: large, unfitting armour, claws 3, regeneration 1, shaggy fur 1, tough skin 1
a: Renounce Religion, Wall Jump, Serpent's Lash, Heavenly Storm


You were in a Gauntlet.
You worshipped Wu Jian.
Wu Jian was extremely pleased with you.
You visited 1 branch of the dungeon, and saw 11 of its levels.
You also visited: Gauntlet.

You collected 581 gold pieces.
You spent 118 gold pieces at shops.


Innate Abilities, Weirdness & Mutations

You are too large for most types of armour.
You have claws for hands.
Your natural rate of healing is unusually fast.
You are covered in fur. (AC +1)
You have tough skin. (AC +1)


   Skills:
 + Level 7.5 Fighting
 + Level 5.8 Throwing
 + Level 5.0 Armour
 - Level 11.0 Dodging
 - Level 1.0 Stealth
 + Level 12.8 Unarmed Combat


You had 10 spell levels left.
You didn't know any spells.
Your spell library contained the following spells:

 Spells                   Type           Power      Damage    Failure   Level
 Animate Skeleton         Necr           0%         N/A       45%         1
 Apportation              Tloc           0%         N/A       45%         1
 Corona                   Hex            0%         N/A       45%         1
 Pain                     Necr           0%         1d4       45%         1
 Summon Small Mammal      Summ           0%         N/A       45%         1
 Corpse Rot               Necr/Air       N/A        N/A       58%         2
 Stone Arrow              Conj/Erth      0%         3d7       83%         3
 Vampiric Draining        Necr           0%         2d6       83%         3
 Animate Dead             Necr           0%         N/A       99%         4
 Agony                    Necr           0%         N/A       100%        5
 Hydra Form               Tmut           0%         N/A       100%        5
 Summon Forest            Summ/Tloc      0%         N/A       100%        5
 Eringya's Noxious Bog    Tmut/Pois      0%         N/A       100%        6
 Summon Hydra             Summ           0%         N/A       100%        7

Inventory:

Hand Weapons
 z - a +2 dagger of flaming
 B - a +6 quick blade
Missiles
 b - 64 poisoned darts (quivered)
 g - 5 silver javelins
 t - 13 atropa-tipped darts
Armour
 a - a +1 robe
 p - a +0 robe of fire resistance
 r - +1 steam dragon scales (worn)
 w - a +0 tower shield
Jewellery
 i - a +6 ring of intelligence
 q - an amulet of reflection (around neck)
 D - a +6 ring of dexterity
 H - an amulet of magic regeneration
 J - the ring of the Mage {Wiz Will++ Int+3}
   (You found it in a Gauntlet)

   [ring of wizardry]

   It improves your spell success rate.
   It affects your intelligence (+3).
   It greatly increases your willpower.
 K - the ring of Peih (left claw) {rN+ Dex+6}
   (You found it in a Gauntlet)

   [ring of dexterity]

   It affects your dexterity (+6).
   It protects you from negative energy.
 P - a ring of poison resistance (right claw)
Wands
 l - a wand of random effects (11)
 v - a wand of paralysis (6)
 x - a wand of acid (7)
 G - a wand of polymorph (10)
Scrolls
 e - 3 scrolls of magic mapping
 n - a scroll of brand weapon {unknown}
 o - 2 scrolls of vulnerability
 y - 3 scrolls of teleportation {@r4}
 A - a scroll of enchant weapon
 F - 2 scrolls of acquirement {unknown}
Potions
 c - 2 potions of attraction
 d - 2 potions of curing {@q1}
 f - a potion of haste {@q3}
 h - a potion of brilliance
 j - 2 potions of mutation
 k - 2 potions of magic {unknown}
 m - 3 potions of lignification
 s - a potion of flight
 u - a potion of invisibility {unknown}
 C - a potion of degeneration
 I - a potion of cancellation {unknown}

Dungeon Overview and Level Annotations

Branches:
Dungeon (11/15)            Temple (0/1) D:7            Lair (0/6) D:11
    Orc (0/2) D:10        Gauntlet (1/1)

Altars:
Cheibriados
Fedhas
Gozag
Makhleb
Nemelex Xobeh
Okawaru
Qazlal
Sif Muna
Trog
Wu Jian
The Shining One

Shops:
D:2 ?(**   D:9 ([[:!

Annotations:
Gauntlet 12 transporters, 21 runed translucent doors, exclusion: 2 lightning spires

▓▓ ▓▓▓▓▓ ▓▓▓
▓▓▓.▓▓.▓▓.▓▓.▓▓
▓.....░░░.....▓
▓.▓▓.▓░∩░▓.▓▓.▓
▓▓.▓▓.▓░.░▓@▓▓.▓▓
▓......░.░..H...▓
▓▓▓.▓▓.░.░▓▓.▓▓.▓
▓▓▓.▓▓.░'░▓▓.▓▓.▓
▓...............▓
▓.▓▓.▓▓.▓▓.▓▓.▓▓▓
▓.▓▓.▓▓.▓▓.▓▓.▓▓▓
▓...............▓
▓▓.▓▓.▓▓.▓▓.▓▓.▓▓


You could see a minotaur (corroded).


Message History

The minotaur is heavily wounded.
The minotaur hits you with the +7 dire flail "Cempocs" {spect, Stlth+}!
* * * LOW HITPOINT WARNING * * *
The minotaur gores you!
* * * LOW HITPOINT WARNING * * *
The minotaur throws a silver javelin.
The silver javelin misses you.
Aiming: Corrosive Bolt
Press: ? - help, Shift-Dir - straight line, f - minotaur
Aim: a minotaur, wielding the +7 dire flail "Cempocs" {spect, Stlth+}, wearing a +0 chain mail and quivering silver javelins (heavily wounded, 17% to evade)
The bolt of acid hits the minotaur but does no damage.
The minotaur is heavily wounded.
Unknown command.
You claw the minotaur!
The minotaur is heavily wounded.
You block the minotaur's attack. x2
Unknown command.
Aiming: Corrosive Bolt
Press: ? - help, Shift-Dir - straight line, f/p - minotaur
Aim: a minotaur, wielding the +7 dire flail "Cempocs" {spect, Stlth+}, wearing a +0 chain mail and quivering silver javelins (heavily wounded, 17% to evade)
The bolt of acid hits the minotaur.
The minotaur is splashed with acid.
The acid corrodes the minotaur!
The minotaur is severely wounded.
The minotaur misses you. The minotaur gores you!
* * * LOW HITPOINT WARNING * * *
You scratch the minotaur.
The minotaur is severely wounded.
The minotaur hits you with the +7 dire flail "Cempocs" {spect, Stlth+}!!
* * * LOW HITPOINT WARNING * * *
The minotaur gores you!
You die...

Skill      XL: |  1  2  3  4  5  6  7  8  9 10 11 |
---------------+----------------------------------+-----
Fighting       | 3 4 5 6 7 |  7.5
Dodging        | 3 4 5 10 11 | 11.0
Unarmed Combat | 4 5 11 12 | 12.8
Armour         | 2 3 5 |  5.0
Throwing       | 2 4 5 |  5.8
Stealth        | |  1.0

Action                   |  1- 3 |  4- 6 |  7- 9 | 10-12 || total
-------------------------+-------+-------+-------+-------++-------
Melee: Unarmed           |    93 |    80 |   279 |   269 ||   721
       Punch             |       |       |    10 |    22 ||    32
Throw: Dart              |       |       |     5 |    10 ||    15
Invok: Lunge             |     7 |    12 |    30 |    27 ||    76
       Whirlwind         |       |     8 |    36 |    20 ||    64
 Abil: Wall Jump         |       |       |     2 |       ||     2
Evoke: Wand              |       |       |       |     2 ||     2
  Use: Scroll            |     7 |     1 |    11 |     4 ||    23
       Potion            |       |       |     3 |     4 ||     7
 Stab: Sleeping          |     7 |     1 |     4 |     2 ||    14
       Distracted        |     1 |       |     1 |       ||     2
Armor: Robe              |    28 |    19 |    14 |       ||    61
       Steam dragon scal |       |       |    39 |    57 ||    96
Dodge: Dodged            |    59 |    31 |   114 |   118 ||   322
Block: Other             |       |       |    23 |    48 ||    71
       Reflection        |       |       |     2 |       ||     2

Levels and vault maps discovered:
D:1:      shiori_shiawase, layout_loops_corners
D:2:      layout_basic, ebering_ecumenical_altar_hall, serial_shops, shop,
          nicolae_shop_trees, shop, shop_statue, minmay_misc_feat_diagonals
D:3:      layout_loops_ring, grunt_temple_overflow_cloverleaf,
          nicolae_gozag_seed_capital
D:4:      layout_cave_pods, saegor_snake_ambush
D:5:      layout_loops_ring, lemuel_crystal_altar, kennysheep_mini
D:6:      cheibrodos_fzero, layout_gridville, lemuel_round_altar,
          kennysheep_little_box
D:7:      layout_basic, nzn_wu_jian_council_hall, fedhas_altar_1,
          minmay_temple_entry_trees
D:8:      layout_basic, uniq_psyche
D:9:      layout_loops_cross, serial_shops, nicolae_shop_behind_doors,
          nicolae_shop_behind_doors, nicolae_shop_waterfront,
          nicolae_shop_waterfront, shop, chequers_hall_statues_corner_a
D:10:     layout_loops_cross, orc_0_dummy, minmay_misc_feat_enclosed
D:11:     layout_basic, lair_entry_dummy, gauntlet_entry_generic,
          nicolae_uskayaw_dance_hall
Gauntlet: gammafunk_gauntlet_one_two_three [nicolae_gauntlet_swirl,
          gammafunk_gauntlet_arena_corners, nicolae_gauntlet_arena_x,
          gammafunk_gauntlet_arena_split_diamond,
          gammafunk_gauntlet_arena_hedges,
          minmay_gauntlet_arena_make_your_own_arena,
          gammafunk_gauntlet_arena_teeth, gammafunk_gauntlet_arena_split_x,
          gammafunk_gauntlet_arena_arrow_garden, gauntlet_exit_green]

Notes
Turn   | Place    | Note
-------+----------+-------------------------------------------
     0 | D:1      | Drazool the Troll Monk began the quest for the Orb.
     0 | D:1      | Reached XP level 1. HP: 22/22 MP: 0/0
   205 | D:1      | Reached XP level 2. HP: 29/29 MP: 1/1
   902 | D:2      | Found Kiyb's Assorted Antiques.
   912 | D:2      | Reached XP level 3. HP: 35/36 MP: 2/2
   915 | D:2      | Bought a scroll labelled KAMIEB HOARGH for 16 gold pieces
   915 | D:2      | Bought a scroll labelled GEVVI REHACIU for 16 gold pieces
   915 | D:2      | Bought a scroll labelled ANYLUDIESU for 16 gold pieces
  1003 | D:2      | Found Jidekiad's General Store.
  1277 | D:2      | Found Muenutisk's Magic Scroll Shoppe.
  1287 | D:2      | Found Busuz's Antique Weapon Shop.
  1407 | D:2      | Found a faded altar of an unknown god.
  1414 | D:2      | Became a worshipper of the Wu Jian Council
  1414 | D:2      | Reached * piety under Wu Jian
  1414 | D:2      | Reached ** piety under Wu Jian
  1718 | D:3      | Found an opulent altar of Gozag.
  1808 | D:3      | Reached skill level 3 in Fighting
  1836 | D:3      | Reached skill level 3 in Dodging
  1845 | D:3      | Found a sparkling altar of Nemelex Xobeh.
  1855 | D:3      | Found an iron altar of Okawaru.
  1858 | D:3      | Found a shimmering blue altar of Sif Muna.
  1861 | D:3      | Found a snail-covered altar of Cheibriados.
  1909 | D:3      | Reached *** piety under Wu Jian
  1915 | D:3      | Reached XP level 4. HP: 44/45 MP: 3/3
  2205 | D:3      | Reached skill level 4 in Unarmed Combat
  2650 | D:4      | Reached XP level 5. HP: 21/53 MP: 4/4
  2969 | D:4      | Reached skill level 4 in Dodging
  3169 | D:5      | Entered Level 5 of the Dungeon
  3189 | D:5      | Reached XP level 6. HP: 55/62 MP: 5/5
  3209 | D:5      | Reached skill level 4 in Fighting
  3233 | D:5      | Reached skill level 5 in Unarmed Combat
  3296 | D:5      | Reached skill level 5 in Dodging
  3339 | D:5      | Reached XP level 7. HP: 71/71 MP: 6/6
  3343 | D:5      | Found a glowing golden altar of the Shining One.
  3494 | D:5      | Identified a potion of experience
  3495 | D:5      | Reached skill level 10 in Dodging
  3495 | D:5      | Reached skill level 11 in Unarmed Combat
  3495 | D:5      | Reached XP level 8. HP: 79/79 MP: 7/7
  3650 | D:5      | Found a stormy altar of Qazlal.
  3842 | D:6      | Found a bloodstained altar of Trog.
  3997 | D:6      | Noticed a komodo dragon
  4005 | D:6      | Killed a komodo dragon
  4055 | D:6      | HP: 4/79 [scorpion (10)]
  4056 | D:6      | Reached XP level 9. HP: 4/87 MP: 8/8
  4060 | D:6      | HP: 5/87 [wraith (11)]
  4069 | D:6      | Reached skill level 5 in Fighting
  4171 | D:6      | Reached **** piety under Wu Jian
  4179 | D:6      | Found a burning altar of Makhleb.
  4516 | D:6      | Identified the +2 helmet of Hide-and-Seek {rElec Will+
                  | Dex+3 Stlth+}
  4766 | D:7      | Reached skill level 11 in Dodging
  4773 | D:7      | Reached skill level 1 in Armour
  4915 | D:7      | Found a blossoming altar of Fedhas.
  5024 | D:7      | Found an ornate altar of the Wu Jian Council.
  5064 | D:7      | Found a staircase to the Ecumenical Temple.
  5414 | D:7      | Reached skill level 1 in Throwing
  5885 | D:8      | Reached ***** piety under Wu Jian
  6121 | D:8      | Noticed Psyche
  6132 | D:8      | Killed Psyche
  6133 | D:8      | Reached skill level 2 in Throwing
  6405 | D:9      | Reached skill level 2 in Armour
  6405 | D:9      | Reached XP level 10. HP: 95/97 MP: 9/9
  6423 | D:9      | HP: 8/98 [steam dragon (7)]
  6519 | D:9      | Found Feuraz Ruargh's Book Shoppe.
  6527 | D:9      | Reached skill level 3 in Throwing
  6650 | D:9      | Found Dith's Antique Weapon Shop.
  6652 | D:9      | Found Roblipn's Armour Shoppe.
  6847 | D:9      | Reached skill level 6 in Fighting
  6945 | D:9      | Found Pivieg's Distillery.
  6957 | D:9      | Bought a potion of heal wounds for 70 gold pieces
  7012 | D:9      | Found Firegoq's Armour Shoppe.
  7300 | D:10     | Entered Level 10 of the Dungeon
  7309 | D:10     | Reached skill level 12 in Unarmed Combat
  7539 | D:10     | Noticed a skeletal warrior
  7580 | D:10     | Killed a skeletal warrior
  7581 | D:10     | Reached skill level 3 in Armour
  7616 | D:10     | Noticed a skeletal warrior
  7616 | D:10     | Noticed a skeletal warrior
  7637 | D:10     | Reached skill level 4 in Throwing
  7637 | D:10     | Noticed a skeletal warrior
  7644 | D:10     | Killed a skeletal warrior
  7684 | D:10     | Killed a skeletal warrior
  7685 | D:10     | Reached XP level 11. HP: 49/107 MP: 10/10
  7688 | D:10     | HP: 7/160 [skeletal warrior/+0 short sword[a skeletal
                  | warrior] (24)]
  7690 | D:10     | Killed a skeletal warrior
  7777 | D:10     | Noticed a skeletal warrior
  7810 | D:10     | Killed a skeletal warrior
  7814 | D:10     | Reached skill level 4 in Armour
  7900 | D:10     | Found a staircase to the Orcish Mines.
  8062 | D:10     | Reached skill level 7 in Fighting
  8062 | D:10     | Reached skill level 5 in Throwing
  8246 | D:10     | Paralysed by a hornet for 1 turns
  8341 | D:11     | Found a gate leading to a gauntlet.
  8341 | D:11     | Noticed a two-headed ogre
  8363 | D:11     | Killed a two-headed ogre
  8446 | Gauntlet | Entered a Gauntlet
  8446 | Gauntlet | Found a transporter.
  8448 | Gauntlet | Noticed a death scarab
  8455 | Gauntlet | Found a transporter.
  8470 | Gauntlet | Found a transporter.
  8475 | Gauntlet | Found a transporter.
  8479 | Gauntlet | Noticed a wolf spider
  8484 | Gauntlet | Noticed an entropy weaver
  8490 | Gauntlet | Found a transporter.
  8509 | Gauntlet | Found a transporter.
  8511 | Gauntlet | Found the brooch of Shielding {Spirit SH+8}
  8517 | Gauntlet | Found a large runed translucent door.
  8518 | Gauntlet | Found a large runed translucent door.
  8518 | Gauntlet | Noticed a ghost crab
  8519 | Gauntlet | Found a large runed translucent door.
  8519 | Gauntlet | Found a large runed translucent door.
  8520 | Gauntlet | Found a runed translucent gate.
  8521 | Gauntlet | Found a transporter.
  8521 | Gauntlet | Found a runed translucent gate.
  8522 | Gauntlet | Found a runed translucent gate.
  8523 | Gauntlet | Found a large runed translucent door.
  8523 | Gauntlet | Found a large runed translucent door.
  8524 | Gauntlet | Found a large runed translucent door.
  8525 | Gauntlet | Found a large runed translucent door.
  8533 | Gauntlet | Found a transporter.
  8535 | Gauntlet | Found a large runed translucent door.
  8535 | Gauntlet | Found a large runed translucent door.
  8535 | Gauntlet | Found a runed translucent door.
  8535 | Gauntlet | Found a runed translucent door.
  8536 | Gauntlet | Found a large runed translucent door.
  8537 | Gauntlet | Found a large runed translucent door.
  8539 | Gauntlet | Found a transporter.
  8539 | Gauntlet | Found a transporter.
  8553 | Gauntlet | Noticed a hell beast
  8554 | Gauntlet | Found the ring of the Mage {Wiz Will++ Int+3}
  8554 | Gauntlet | Found a transporter.
  8566 | Gauntlet | Found a transporter.
  8583 | Gauntlet | Found a transporter.
  8601 | Gauntlet | Found a transporter.
  8603 | Gauntlet | Found a transporter.
  8604 | Gauntlet | Noticed an oklob plant
  8630 | Gauntlet | Found a transporter.
  8630 | Gauntlet | Found a transporter.
  8650 | Gauntlet | Found a transporter.
  8724 | Gauntlet | Found a large runed translucent door.
  8724 | Gauntlet | Found a large runed translucent door.
  8725 | Gauntlet | Found a large runed translucent door.
  8726 | Gauntlet | Found a large runed translucent door.
  8914 | Gauntlet | Killed a death scarab
  9015 | Gauntlet | Killed an oklob plant
  9087 | Gauntlet | Killed a hell beast
  9088 | Gauntlet | Reached skill level 5 in Armour
  9129 | Gauntlet | Identified the ring of Peih {rN+ Dex+6}
  9182 | Gauntlet | Identified the +7 dire flail "Cempocs" {spect, Stlth+}
  9182 | Gauntlet | Noticed a minotaur
  9225 | Gauntlet | Slain by a minotaur

Vanquished Creatures
  A hell beast (Gauntlet)
  A death scarab (Gauntlet)
  A two-headed ogre (D:11)
  5 skeletal warriors (D:10)
  An oklob plant (Gauntlet)
  A manticore (D:11)
  Psyche (D:8)
  2 komodo dragons
  2 trolls
  2 hornets
  A spectral black mamba (Gauntlet)
  2 wraiths
  A wyvern (D:9)
  3 yaks (D:10)
  3 steam dragons
  5 vampire mosquitoes
  2 acid dragons (Gauntlet)
  An ice beast (D:6)
  3 orc warriors
  A necrophage (D:6)
  A black bear (D:5)
  A sky beast (D:7)
  An ogre (D:7)
  3 centaurs
  A phantom (D:6)
  2 kobold brigands
  3 bullfrogs
  2 scorpions
  A water moccasin zombie (D:5)
  A wyvern skeleton (D:7)
  6 killer bees
  A howler monkey (D:6)
  A bullfrog zombie (D:5)
  5 centaur zombies
  2 jellies
  2 orc priests
  5 hounds
  2 centaur skeletons
  19 orc wizards
  2 iguanas
  A howler monkey zombie (D:6)
  14 gnolls
  4 adders
  A white imp (D:7)
  An adder skeleton (D:5)
  An adder zombie (D:5)
  28 orcs
  7 ball pythons
  6 endoplasms
  2 goblins
  9 hobgoblins
  4 jackals
  8 kobolds
  2 quokkas
  6 bats
  A frilled lizard (D:1)
  3 rats
198 creatures vanquished.

Vanquished Creatures (others)
  14 demonic plants (Gauntlet)
  9 fungi (Gauntlet)
  13 plants (Gauntlet)
36 creatures vanquished.

Grand Total: 234 creatures vanquished

Table legend: (Time is in decaauts)
 A = Elapsed time spent in this place.
 B = Non-inter-level travel time spent in this place.
 C = Inter-level travel time spent in this place.
 D = Time resting spent in this place.
 E = Time spent auto-exploring this place.
 F = Levels seen in this place.
 G = Mean time per level.
                   A        B        C        D        E       F      G
               +--------+--------+--------+--------+--------+-----+--------+
         Total |   9174 |   8868 |    306 |    226 |   6768 |  12 |  764.5 |
       Dungeon |   8407 |   8101 |    306 |    172 |   6440 |  11 |  764.3 |
      Gauntlet |    766 |    766 |      0 |     54 |    328 |   1 |  766.0 |
               +--------+--------+--------+--------+--------+-----+--------+

Top non-repeatable levels by time:
    D:10: 1011 daAuts
     D:6: 950 daAuts
     D:7: 908 daAuts
     D:9: 903 daAuts
     D:4: 863 daAuts
     D:2: 844 daAuts
     D:1: 823 daAuts
Gauntlet: 766 daAuts
     D:8: 733 daAuts
     D:3: 649 daAuts
     D:5: 588 daAuts
    D:11: 131 daAuts

Table legend:
 A = Non-vault XP
 B = Vault XP
 C = Vault XP percentage of total XP
 D = Non-vault monster count
 E = Vault monster count
 F = Vault count percentage of total count
                 A         B        C        D         E       F
            +---------+---------+-------+---------+---------+-------
      Total |   13665 |    5014 |  26.8 |     176 |      22 |  11.1
            +---------+---------+-------+---------+---------+-------
        D:1 |      32 |       0 |   0.0 |      20 |       0 |   0.0
        D:2 |      23 |       0 |   0.0 |      14 |       0 |   0.0
        D:3 |     112 |       0 |   0.0 |      13 |       0 |   0.0
        D:4 |     178 |       2 |   1.1 |      12 |       1 |   7.7
        D:5 |     631 |       0 |   0.0 |      19 |       0 |   0.0
        D:6 |     490 |    1667 |  77.3 |      16 |      14 |  46.7
        D:7 |     737 |       0 |   0.0 |      18 |       0 |   0.0
        D:8 |     370 |     391 |  51.4 |      16 |       1 |   5.9
        D:9 |    1993 |       0 |   0.0 |      22 |       0 |   0.0
       D:10 |    7372 |       0 |   0.0 |      23 |       0 |   0.0
       D:11 |    1727 |       0 |   0.0 |       3 |       0 |   0.0
   Gauntlet |       0 |    2954 | 100.0 |       0 |       6 | 100.0
            +---------+---------+-------+---------+---------+-------
